 Dungeon Crawl Stone Soup version 0.29-a0-925-g0a7a3d12f8 (webtiles) character file.

Game seed: 7476622018730108277

20 hbarley the Basher (level 2, -1/23 HPs)
             Began as a Gnoll Wanderer on July 28, 2022.
             Slain by a gnoll
             ... wielding a +0 whip
              (5 damage)
             ... on level 1 of the Dungeon.
             The game lasted 00:01:52 (413 turns).

hbarley the Basher (Gnoll Wanderer)                  Turns: 413, Time: 00:01:53

Health: -1/23      AC:  3    Str:  9    XL:     2   Next: 79%
Magic:  2/2        EV: 11    Int: 11    God:
Gold:   24         SH:  7    Dex: 13    Spells: 2/2 levels left

rFire   . . .      SeeInvis .   a - +0 mace
rCold   . . .      Faith    .   b - +2 buckler
rNeg    . . .      Spirit   .   e - +0 robe
rPois   .          Reflect  .   (no helmet)
rElec   .          Harm     .   c - +0 cloak
rCorr   .          Rampage  .   (no gloves)
Will    .....                   (no boots)
Stlth   +++.......              (no amulet)
HPRegen 0.07/turn               (no ring)
MPRegen 0.08/turn               (no ring)

@: no status effects
A: fangs 1, strong nose, distributed training
a: no special abilities


You were on level 1 of the Dungeon.
You visited 1 branch of the dungeon, and saw 1 of its levels.

You collected 24 gold pieces.

Inventory:

Hand Weapons
 a - a +0 mace (weapon)
Armour
 b - a +2 buckler (worn)
 c - a +0 cloak (worn)
 e - a +0 robe (worn)
Scrolls
 d - a scroll of fear
 f - a scroll of identify {unknown}
 g - a scroll of immolation {unknown}
 h - a scroll of enchant weapon {unknown}
 i - a scroll of vulnerability {unknown}
Potions
 j - a potion of haste {unknown}
 k - a potion of brilliance {unknown}


   Skills:
 + Level 2.5 Fighting
 + Level 0.5 Short Blades
 + Level 0.5 Long Blades
 + Level 0.5 Axes
 + Level 10.4 Maces & Flails
 + Level 0.5 Polearms
 + Level 0.5 Staves
 + Level 0.5 Ranged Weapons
 + Level 0.5 Throwing
 + Level 0.5 Armour
 + Level 0.5 Dodging
 + Level 4.1 Stealth
 + Level 4.5 Shields
 + Level 0.5 Unarmed Combat
 + Level 0.5 Spellcasting
 + Level 0.4 Conjurations
 + Level 0.4 Hexes
 + Level 0.4 Summonings
 + Level 0.4 Necromancy
 + Level 0.4 Translocations
 + Level 0.4 Transmutations
 + Level 0.4 Fire Magic
 + Level 0.4 Ice Magic
 + Level 0.4 Air Magic
 + Level 0.4 Earth Magic
 + Level 0.4 Poison Magic
 + Level 0.7 Invocations
 + Level 0.5 Evocations


You had 2 spell levels left.
You didn't know any spells.
Your spell library was empty.

Dungeon Overview and Level Annotations

Branches:
Dungeon (1/15)

Altars:


Innate Abilities, Weirdness & Mutations

You have very sharp teeth.
Your uncanny sense of smell can sniff out nearby items.
Your experience applies equally to all skills.


Message History

The hobgoblin is severely wounded.
A bat comes into view.
You hit the hobgoblin.
You kill the hobgoblin!
You hit the gnoll.
The gnoll is lightly wounded.
The bat hits you but does no damage. The gnoll barely misses you.
You hit the gnoll but do no damage.
The gnoll is lightly wounded.
The bat closely misses you. The gnoll closely misses you.
You hit the gnoll but do no damage.
The gnoll is lightly wounded.
The bat hits you but does no damage. The kobold hits you with a +0 club.
You block the gnoll's attack.
You hit the gnoll but do no damage.
The gnoll is lightly wounded.
The bat barely misses you. The bat closely misses you. The bat hits you.
You block the gnoll's attack. The kobold hits you but does no damage.
You hit the gnoll.
The gnoll is moderately wounded.
The bat hits you but does no damage. The kobold hits you but does no damage.
The gnoll hits you with a +0 whip.
You barely miss the gnoll.
The gnoll is moderately wounded.
The bat barely misses you. The kobold hits you with a +0 club.
The gnoll barely misses you.
You completely miss the gnoll. You bite the gnoll, but do no damage.
The gnoll is moderately wounded.
You block the bat's attack. The gnoll hits you with a +0 whip.
* * * LOW HITPOINT WARNING * * *
The kobold misses you.
You hit the gnoll.
The gnoll is moderately wounded.
The bat barely misses you. The gnoll hits you with a +0 whip.
* * * LOW HITPOINT WARNING * * *
The kobold barely misses you.
You hit the gnoll but do no damage.
The gnoll is moderately wounded.
The bat hits you but does no damage. The gnoll hits you with a +0 whip.
You die...

.##...)..# ###.... # ..#
.##......######....# ##.
.#
.##................#.#..
.##...............##....
.##......##.............
#
.#..........#........#..
.
.†...#######............
..
.................b......
..
...###..........@K..#.#.
#. .###
.##.#####.g.#..... ..
... ...# #.....#.#.
.#####..# #...###....
......... ....## ##.
....# ## #...## .####
##..#.# .########......
....#.....#.#


You could see a gnoll, a bat and a kobold.

Vanquished Creatures
  2 endoplasms (D:1)
  A giant cockroach (D:1)
  A goblin (D:1)
  4 hobgoblins (D:1)
  A quokka (D:1)
  2 ball pythons (D:1)
  A bat (D:1)
  2 frilled lizards (D:1)
  A kobold (D:1)
  4 rats (D:1)
19 creatures vanquished.

Notes
Turn   | Place    | Note
-------+----------+-------------------------------------------
     0 | D:1      | Reached skill level 10 in Maces & Flails
     0 | D:1      | hbarley the Gnoll Wanderer began the quest for the Orb.
     0 | D:1      | hbarley set off with the following items: a +0 mace, a +2
                  | buckler, a +0 cloak, a scroll of fear, a +0 robe.
     0 | D:1      | Reached XP level 1. HP: 17/17 MP: 1/1
   171 | D:1      | Reached XP level 2. HP: 23/23 MP: 2/2
   413 | D:1      | Slain by a gnoll

Illustrated notes

Levels and vault maps discovered:
D:1:      wander_arrival_desolate, layout_rooms

Skill      XL: | |
---------------+-+-----
Maces & Flails | | 10.4
Fighting       | |  2.5
Short Blades   | |  0.5
Long Blades    | |  0.5
Axes           | |  0.5
Polearms       | |  0.5
Staves         | |  0.5
Ranged Weapons | |  0.5
Throwing       | |  0.5
Armour         | |  0.5
Dodging        | |  0.5
Stealth        | |  4.1
Shields        | |  4.5
Unarmed Combat | |  0.5
Spellcasting   | |  0.5
Conjurations   | |  0.4
Hexes          | |  0.4
Summonings     | |  0.4
Necromancy     | |  0.4
Translocations | |  0.4
Transmutations | |  0.4
Fire Magic     | |  0.4
Ice Magic      | |  0.4
Air Magic      | |  0.4
Earth Magic    | |  0.4
Poison Magic   | |  0.4
Invocations    | |  0.7
Evocations     | |  0.5

Action                   || total
-------------------------++-------
Melee: Mace              ||    54
       Bite              ||     3
 Stab: Sleeping          ||     1
Armor: Robe              ||    17
Dodge: Dodged            ||    32
Block: Buckler           ||    21

Table legend: (Time is in decaauts)
 A = Elapsed time spent in this place.
 B = Non-inter-level travel time spent in this place.
 C = Inter-level travel time spent in this place.
 D = Time resting spent in this place.
 E = Time spent auto-exploring this place.
 F = Levels seen in this place.
 G = Mean time per level.
                   A        B        C        D        E       F      G
               +--------+--------+--------+--------+--------+-----+--------+
         Total |    409 |    212 |    197 |     95 |      0 |   1 |  409.0 |
       Dungeon |    409 |    212 |    197 |     95 |      0 |   1 |  409.0 |
               +--------+--------+--------+--------+--------+-----+--------+

Top non-repeatable levels by time:
     D:1: 409 daAuts
